 Dungeon Crawl Stone Soup version 0.31-a0-764-g8440623082 (webtiles) character file.

Game seed: 4944815624968685601

1359659 mive the Unforgettable (level 26, 191/191 HPs)
             Began as a Gnoll Artificer on May 22, 2023.
             Was the Champion of Hepliaklqana.
             Escaped with the Orb
             ... and 3 runes on Sept 15, 2023!
             The game lasted 11:16:58 (105009 turns).

mive the Unforgettable (Gnoll Artificer)          Turns: 105009, Time: 11:16:59

Health: 191/191    AC: 27    Str: 11    XL:     26   Next: 74%
Magic:  43/45      EV: 15    Int: 20    God:    Hepliaklqana [******]
Gold:   4213       SH: 15    Dex: 16    Spells: 4/61 levels left

rFire   + . .        e - staff of a Billion Loafs {rElec Will+ Dex+2 Air}
rCold   + . .        m - +0 kite shield {reflect}
rNeg    + . .        v - +2 pearl dragon scales
rPois   +            j - +2 hat {Will+}
rElec   +            i - scarf {rC+ rF+}
rCorr   .            z - +1 pair of gloves
SInv    .            Q - +0 pair of boots
Will    ++++.        w - amulet of magic regeneration
Stlth   ++           F - ring of Kina {rPois Will+}
HPRegen 0.51/turn    J - ring of wizardry
MPRegen 0.69/turn

%: reflection, wizardry (x1)
@: no status effects
A: reduced essence, fangs 1, strong nose, distributed training, weak 1, subdued
magic 1
0: Orb of Zot
}: 3/15 runes: barnacled, abyssal, gossamer
a: Renounce Religion, Recall Ancestor, Ancestor Identity, Transference, Idealise


You escaped.
You worshipped Hepliaklqana.
Hepliaklqana was exalted by your worship.
You visited 10 branches of the dungeon, and saw 47 of its levels.
You visited the Abyss 1 time.
You also visited: Trove and Volcano.

You collected 8534 gold pieces.
You spent 4321 gold pieces at shops.

Inventory:

Hand Weapons
 a - a +8 demon trident of venom
 q - the +11 long sword "Dyhariukh" {venom, MP+9 Int+2 Dex+3 Stlth+}
   (You found it on level 9 of the Dungeon)

   Int+2:     It affects your intelligence (+2).
   Dex+3:     It affects your dexterity (+3).
   MP+9:      It affects your magic capacity (+9).
   Stlth+:    It makes you more stealthy.
Missiles
 d - 12 atropa-tipped darts
 D - 9 silver javelins (quivered)
 E - 4 throwing nets
 H - 55 boomerangs
 N - 5 curare-tipped darts
Armour
 i - a scarf of resistance (worn)
 j - a +2 hat of willpower (worn)
 m - a +0 kite shield of reflection (worn)
 v - +2 pearl dragon scales (worn)
 z - a +1 pair of gloves (worn)
 Q - a +0 pair of boots (worn)
Magical Staves
 e - the staff of a Billion Loafs (weapon) {rElec Will+ Dex+2 Air}
   (You found it on level 3 of the Elven Halls)

   [staff of air]

   Base accuracy: +5 Base damage: 5 Base attack delay: 1.2 This weapon's minimum
   attack delay (0.6) is reached at skill level 12.
   Dex+2:     It affects your dexterity (+2).
   rElec:     It insulates you from electricity.
   Will+:     It increases your willpower.
   Air:       It increases the power of your Air spells.
   It falls into the 'Staves' category.
   It is a one-handed weapon.
 Z - the staff of Insufficient Pleasure {rF+ rCorr Fire}
   (You found it on level 4 of the Depths)

   [staff of fire]

   Base accuracy: +5 Base damage: 5 Base attack delay: 1.2 This weapon's minimum
   attack delay (0.6) is reached at skill level 12.
   rF+:       It protects you from fire.
   rCorr:     It protects you from acid and corrosion.
   Fire:      It increases the power of your Fire spells.
   It falls into the 'Staves' category.
   It is a one-handed weapon.
Jewellery
 w - an amulet of magic regeneration (around neck)
 y - a ring of protection from fire
 F - the ring of Kina (left hand) {rPois Will+}
   (You bought it in a shop on level 2 of the Elven Halls)

   [ring of poison resistance]

   rPois:     It protects you from poison Will+: It increases your willpower.
 I - a ring of resist corrosion
 J - a ring of wizardry (right hand)
Wands
 n - a wand of light (5)
 p - a wand of digging (18)
 A - a wand of charming (6)
 V - a wand of iceblast (19)
Scrolls
 c - 4 scrolls of vulnerability
 g - 15 scrolls of teleportation
 k - 13 scrolls of poison
 r - 7 scrolls of fog
 t - 8 scrolls of fear
 G - 2 scrolls of immolation
 O - a scroll of revelation
 U - 2 scrolls of blinking
 X - 2 scrolls of silence
Potions
 f - 12 potions of attraction
 h - 9 potions of mutation
 l - 24 potions of curing
 o - 9 potions of heal wounds
 s - 4 potions of berserk rage
 u - 7 potions of enlightenment
 x - 6 potions of might
 B - 9 potions of haste
 C - a potion of invisibility
 K - 11 potions of brilliance
 M - 6 potions of ambrosia
 P - 5 potions of resistance
 R - 4 potions of magic
 S - 4 potions of cancellation
 Y - 3 potions of lignification
Miscellaneous
 b - a sack of spiders (inert)
 L - a tin of tremorstones (2/2)
 T - a phantom mirror (inert)


   Skills:
 + Level 18.4 Fighting
 + Level 18.2 Short Blades
 + Level 18.2 Long Blades
 + Level 18.2 Axes
 + Level 18.2 Maces & Flails
 + Level 18.2 Polearms
 + Level 18.2 Staves
 + Level 18.2 Ranged Weapons
 + Level 18.2 Throwing
 + Level 18.7 Armour
 + Level 18.4 Dodging
 + Level 18.4 Stealth
 + Level 18.2 Shields
 + Level 18.2 Unarmed Combat
 + Level 18.2 Spellcasting
 + Level 15.5 Conjurations
 + Level 15.5 Hexes
 + Level 15.5 Summonings
 + Level 15.5 Necromancy
 + Level 15.5 Translocations
 + Level 15.5 Transmutations
 + Level 15.5 Fire Magic
 + Level 15.5 Ice Magic
 + Level 15.5 Air Magic
 + Level 15.5 Earth Magic
 + Level 15.5 Poison Magic
 + Level 19.7 Invocations
 + Level 19.2 Evocations
 + Level 16.8 Shapeshifting


You had 4 spell levels left.
You knew the following spells:

 Your Spells              Type           Power      Damage    Failure   Level
a - Airstrike             Air            37%        2d(6-22)  1%          4
b - Summon Lightning Spi  Summ/Air       75%        N/A       1%          4
c - Apportation           Tloc           100%       N/A       0%          1
d - Borgnjor's Vile Clut  Necr/Erth      29%        N/A       1%          5
e - Wereblood             Tmut           58%        N/A       0%          2
f - Ozocubu's Refrigerat  Ice            29%        4d13      9%          7
g - Malign Gateway        Summ/Tloc      29%        N/A       9%          7
h - Irradiate             Conj/Tmut      29%        3d21      1%          5
i - Blink                 Tloc           100%       N/A       0%          2
j - Passwall              Tmut/Erth      48%        N/A       0%          2
k - Plasma Beam           Fire/Air       37%        2x1d51    1%          6
l - Leda's Unmaking       Conj/Erth      29%        9d5       1%          6
m - Simulacrum            Ice/Necr       29%        N/A       1%          6

Your spell library contained the following spells:

 Spells                   Type           Power      Damage    Failure   Level
 Foxfire                  Conj/Fire      100%       2x1d9     0%          1
 Freeze                   Ice            100%       1d10      0%          1
 Necrotise                Necr           100%       1d9       0%          1
 Sandblast                Erth           100%       2d20      0%          1
 Shock                    Conj/Air       100%       1d9       0%          1
 Slow                     Hex            100%       N/A       0%          1
 Summon Small Mammal      Summ           100%       N/A       0%          1
 Cigotuvi's Dreadful Rot  Necr/Pois/Air  100%       N/A       0%          2
 Ensorcelled Hibernation  Hex/Ice        100%       N/A       0%          2
 Lesser Beckoning         Tloc           100%       N/A       0%          2
 Momentum Strike          Conj/Tloc      100%       3d10      0%          2
 Scorch                   Fire           100%       2d9       0%          2
 Sublimation of Blood     Necr           58%        N/A       0%          2
 Call Canine Familiar     Summ           58%        N/A       1%          3
 Confusing Touch          Hex            58%        N/A       1%          3
 Frozen Ramparts          Ice            100%       1d16      1%          3
 Gell's Gravitas          Tloc           58%        N/A       1%          3
 Hailstorm                Conj/Ice       58%        3d13      1%          3
 Ignite Poison            Fire/Tmut/Pois 58%        N/A       1%          3
 Inner Flame              Hex/Fire       58%        N/A       1%          3
 Ozocubu's Armour         Ice            58%        N/A       1%          3
 Sigil of Binding         Hex            58%        N/A       1%          3
 Stone Arrow              Conj/Erth      100%       3d13      1%          3
 Summon Guardian Golem    Hex/Summ       58%        N/A       1%          3
 Swiftness                Air            75%        N/A       1%          3
 Teleport Other           Tloc           58%        N/A       1%          3
 Vampiric Draining        Necr           58%        2d10      1%          3
 Volatile Blastmotes      Fire/Tloc      100%       2d18      1%          3
 Animate Dead             Necr           58%        N/A       1%          4
 Flame Wave               Conj/Fire      58%        2d14      1%          4
 Fulminant Prism          Conj/Hex       29%        3d14      1%          4
 Iskenderun's Mystic Bla  Conj/Tloc      58%        2d12      1%          4
 Leda's Liquefaction      Hex/Erth       29%        N/A       1%          4
 Manifold Assault         Tloc           58%        N/A       1%          4
 Petrify                  Tmut/Erth      58%        N/A       1%          4
 Sticky Flame             Conj/Fire      58%        2d7       1%          4
 Vhi's Electric Charge    Tloc/Air       100%       N/A       1%          4
 Arcjolt                  Conj/Air       37%        1d47      1%          5
 Lee's Rapid Deconstruct  Erth           29%        3d15*     1%          5
 Summon Forest            Summ/Tloc      29%        N/A       1%          5
 Summon Mana Viper        Hex/Summ       58%        N/A       1%          5
 Yara's Violent Unravell  Hex/Tmut       29%        3d12      1%          5
 Death Channel            Necr           29%        N/A       1%          6
 Dispersal                Tloc           29%        N/A       1%          6
 Eringya's Noxious Bog    Tmut/Pois      29%        4d6       1%          6
 Summon Cactus Giant      Summ           29%        N/A       1%          6
 Haunt                    Necr/Summ      29%        N/A       9%          7
 Summon Hydra             Summ           29%        N/A       9%          7
 Borgnjor's Revivificati  Necr           29%        N/A       56%         8
 Disjunction              Tloc           29%        N/A       56%         8
 Infestation              Necr           29%        N/A       56%         8
 Lehudib's Crystal Spear  Conj/Erth      29%        10d8      56%         8
 Maxwell's Capacitive Co  Air            37%        ∞         56%         8
 Death's Door             Necr           29%        N/A       100%        9
 Dragon's Call            Summ           29%        N/A       100%        9
 Fire Storm               Conj/Fire      29%        8d7       100%        9
 Polar Vortex             Ice            29%        12d3*     100%        9


Dungeon Overview and Level Annotations

Branches:
Dungeon (15/15)            Temple (1/1) D:5            Lair (5/5) D:9
 Shoals (4/4) Lair:3       Spider (4/4) Lair:2        Slime (0/5) Lair:5
    Orc (2/2) D:9             Elf (3/3) Orc:2        Vaults (4/5) D:13
  Crypt (0/3) Vaults:2     Depths (4/4) D:15            Zot (5/5) Depths:4
Volcano (visited)

Altars:
Ashenzari
Cheibriados
Dithmenos
Elyvilon
Fedhas
Gozag
Hepliaklqana
Kikubaaqudgha
Makhleb
Nemelex Xobeh
Okawaru
Qazlal
Ru
Sif Muna
Trog
Uskayaw
Vehumet
Wu Jian
Xom
Yredelemnul
Zin
The Shining One
Jiyva

Shops:
D:11 *   D:15 *   Orc:2 (**(   Elf:2 :=:   Shoals:3 ?   Depths:1 :

Portals:
Hell: Depths:1 Depths:2 Depths:3 Depths:4
Abyss: Depths:3 Depths:4
Pandemonium: Depths:1 Depths:2
Ziggurat: Depths:3

Annotations:
D:9 exclusion: obsidian statue
Lair:4 2 runed translucent doors, Etreokin's ghost, journeyman KoEn
Lair:5 1 runed translucent door, xsansara's ghost, journeyman DjCj
Shoals:1 Nikola
Elf:2 6 runed translucent doors, exclusion: 3 doors
Vaults:1 3 runed translucent doors, exclusion: 3 doors, Marixus's ghost, adept HOFi
Zot:2 exclusions: curse toe and draconian knight
Zot:3 1 transporter
Zot:5 36 runed doors


Innate Abilities, Weirdness & Mutations

Your life essence is reduced to manifest your ancestor. (-10% HP)
You have very sharp teeth.
Your uncanny sense of smell can sniff out nearby items.
Your experience applies equally to all skills.
You are weak. (Str -2)
Your spells are a little easier to cast, but a little less powerful.


Message History

Kammani hits the Orb Guardian with a +0 antimagic quick blade!
The Orb Guardian dies!
There is an open door here.
There is a staircase leading out of the dungeon here.
Okay, then.
You reach into the sack... ...and things crawl out!
The sack is emptied!
Casting: Plasma Beam (mildly dangerous; 1% risk of failure)
Confirm with . or Enter, or press ? or * to list all spells.
Okay, then.
Unknown command.
As you read the scroll of butterflies, it crumbles to dust.
You hear the flapping of tiny wings.
Your steelbarb worm is knocked back by the sudden gust.
Your wolf spider is knocked back by the sudden gust.
Your tarantella is knocked back by the sudden gust.
Kammani is knocked back by the sudden gust.
What are your orders? t - Bark!
Orders for allies: a - Attack new target. r - Retreat! s - Stop attacking. g - Guard the area. f - Follow me.
Anything else - Cancel.
Follow me!
Kammani is recalled.
What are your orders? t - Bark!
Orders for allies: a - Attack new target. r - Retreat! s - Stop attacking. g - Guard the area. f - Follow me.
Anything else - Cancel.
Follow me!
What are your orders? t - Bark!
Orders for allies: a - Attack new target. r - Retreat! s - Stop attacking. g - Guard the area. f - Follow me.
Anything else - Cancel.
Follow me!
A shadow demon comes into view.
You have escaped!

##### ######s@b######
###...bbbsRw....###
###.......bb.b......####
#.'..2..bbbbbbbb....'..#
#.#...bbbb.bbbb.b...##.#
######.###.bb.bb.bbb...####.#
.........###bb...b.b.### #.#
.#######.# ###....b### #.#
.#.......###.........###
##.#####


You could see the friendly Kammani the hexer (fast), a shadow demon, a friendly
steelbarb worm (summoned), a friendly wolf spider (summoned) and a friendly
tarantella (summoned).

Vanquished Creatures
  An orb of fire (Zot:5)
  2 ancient liches (Zot:5)
  Josephina (Depths:1)
  Frederick (Depths:4)
  A Killer Klown (Zot:5)
  Saint Roka (Depths:3)
  3 golden dragons
  Jory (Depths:2)
  A pearl dragon (Depths:2)
  7 Orb Guardians
  2 electric golems
  6 tentacled monstrosities
  2 walking crystal tomes
  A deep elf blademaster (Elf:3)
  5 sphinxes
  A quicksilver dragon (Zot:1)
  A deep elf master archer (Elf:3)
  6 death cobs
  An Executioner (Abyss:3)
  A tentacled starspawn (Abyss:3)
  4 tengu reavers
  3 shadow dragons
  3 storm dragons
  3 nagarajas (Depths:4)
  2 draconian monks (Zot:4)
  3 draconian knights
  3 fire giants
  Ilsuiw (Shoals:2)
  7 frost giants
  3 ghost moths
  6 deep elf sorcerers
  2 iron dragons (Depths:2)
  5 deep elf elementalists
  Louise (D:14)
  9 vault wardens
  2 draconian stormcallers (Depths:4)
  3 draconian scorchers
  5 emperor scorpions
  A draconian shifter (Zot:2)
  2 cacodemons (Abyss:3)
  15 ironbound preservers
  2 draconian annihilators
  2 orc warlords (Vaults:2)
  16 stone giants
  9 very ugly things
  A spriggan defender (Depths:1)
  An apis (Depths:2)
  2 formless jellyfish
  4 ironbound thunderhulks
  A green draconian (Zot:4)
  5 deep elf demonologists
  3 vampire knights
  10 white draconians
  A lorocyproca (Depths:1)
  5 red draconians
  6 black draconians
  7 deep elf annihilators (Elf:3)
  5 purple draconians
  A spark wasp (shapeshifter) (Vaults:2)
  8 spark wasps
  4 yellow draconians
  7 merfolk impalers
  4 ettins
  4 deep elf death magi
  6 merfolk javelineers
  3 fire dragons
  2 entropy weavers
  4 deep elf high priests
  10 yaktaur captains
  2 great orbs of eyes (Vaults:1)
  A rakshasa (Depths:2)
  An ice dragon (Depths:4)
  4 vault guards
  3 spriggan air magi
  2 hydras
  3 ironbound frosthearts
  6 merfolk aquamancers
  4 boulder beetles
  A sphinx zombie (Vaults:4)
  8 centaur warriors
  2 anacondas (Depths:4)
  9 naga warriors (Depths:4)
  7 dancing weapons
  A catoblepas (Lair:5)
  A two-headed ogre (D:9)
  4 death yaks
  A satyr (Shoals:2)
  3 merfolk avatars
  2 alligator snapping turtles (Shoals:4)
  4 deep troll earth magi
  9 deep troll shamans
  5 tengu warriors
  Urug (Orc:1)
  A vampire mage (Vaults:2)
  4 spriggan berserkers
  4 orc high priests
  Sonja (Orc:2)
  5 hell knights (Depths:3)
  6 deep elf knights
  2 sun moths (Spider:3)
  5 pharaoh ants
  A sixfirhy (Depths:1)
  3 skysharks
  2 iron trolls
  3 skeletal warriors (D:13)
  9 orb spiders
  13 sea snakes
  4 glowing orange brains
  47 deep trolls
  A kraken simulacrum (Shoals:4)
  6 wizards
  15 deep elf archers
  11 lindwurms
  Pikel (D:8)
  A flayed ghost (Depths:1)
  3 necromancers
  6 harpies
  11 ironbound convokers
  24 deep elf pyromancers
  6 orc knights
  6 steelbarb worms
  12 deep elf zephyrmancers
  A sphinx simulacrum (Depths:2)
  10 wolf spiders
  23 ugly things
  2 shining eyes (Abyss:3)
  13 manticores
  A phantasmal warrior (Depths:1)
  9 fauns
  6 cyclopes
  7 elephants
  A salamander (shapeshifter) (D:15)
  3 naga magi
  8 merfolk sirens
  A rust devil (Depths:1)
  20 moths of wrath
  5 smoke demons
  10 vault sentinels
  6 water nymphs
  3 guardian serpents (Depths:4)
  2 apocalypse crabs (Abyss:3)
  5 demonic crawlers
  A torpor snail (shapeshifter) (Vaults:4)
  7 cane toads
  3 gargoyles
  A black mamba (Lair:1)
  An orange demon (Depths:1)
  6 komodo dragons
  A tormentor (D:3)
  A komodo dragon (shapeshifter) (D:13)
  25 yaktaurs
  2 rime drakes
  A freezing wraith (Vaults:2)
  4 tengu conjurers
  2 efreet
  A golden dragon simulacrum (Depths:2)
  2 ice devils (Depths:1)
  A yaktaur skeleton (Vaults:4)
  21 merfolk
  A red devil (Depths:1)
  3 hornets
  4 trolls
  4 meliai
  16 tarantellas
  5 polar bears
  3 wind drakes
  6 dream sheep
  11 blink frogs
  9 snapping turtles
  An ettin skeleton (Vaults:4)
  19 slime creatures
  12 culicivoras
  28 jumping spiders
  3 air elementals
  2 flying skulls (Abyss:3)
  A centaur simulacrum (D:14)
  A vampire (D:11)
  33 yaks
  2 spriggans (Depths:3)
  10 water elementals
  2 wraiths
  A shadow (D:10)
  3 hogs
  19 large abominations
  2 golden eyes (Abyss:3)
  9 small abominations (Abyss:3)
  2 basilisks
  11 humans (D:13)
  45 redbacks
  A neqoxec (Abyss:3)
  3 fire elementals
  2 steam dragons
  Edmund (D:4)
  7 wargs
  2 acid dragons
  6 water moccasins
  An ice beast (D:7)
  6 orc warriors
  2 sky beasts
  4 black bears
  A spriggan simulacrum (Depths:2)
  11 ogres
  8 centaurs
  14 wolves
  3 kobold brigands
  A phantom (D:5)
  10 bullfrogs
  2 earth elementals (Elf:1)
  2 scorpions
  2 wights
  9 killer bees
  3 nameless horrors
  2 howler monkeys
  3 electric eels (Spider:2)
  2 hounds (D:5)
  A gnoll bouda (D:7)
  15 orc priests
  2 sleepcaps
  Crazy Yiuf (D:7)
  An iguana (D:7)
  Terence (D:3)
  9 hexers
  Natasha (thrice) (D:3)
  9 orc wizards
  A statue (D:6)
  12 adders
  2 shadow imps
  2 white imps
  3 worms
  8 dart slugs
  41 orcs
  10 bats
  6 endoplasms
  5 giant cockroaches
  7 goblins
  7 hobgoblins
  A jackal (D:5)
  19 kobolds
  4 quokkas
  8 ball pythons
  2 frilled lizards (D:1)
  2 rats (D:3)
  2 tentacles (Shoals:4)
1334 creatures vanquished.

Vanquished Creatures (collateral kills)
  3 ancient liches (Zot:5)
  3 orbs of fire
  A juggernaut (Depths:2)
  Sojobo (Depths:3)
  2 Killer Klowns (Zot:5)
  2 curse toes
  6 golden dragons
  A bone dragon (Depths:4)
  Arachne (Spider:3)
  An electric golem (Zot:5)
  7 tentacled monstrosities
  A titan (Vaults:4)
  A deep elf master archer (Elf:3)
  22 Orb Guardians
  A sphinx (Vaults:1)
  2 quicksilver dragons
  6 death cobs
  Frances (Spider:1)
  An eldritch tentacle (Zot:2)
  7 shadow dragons
  Kirke (Spider:4)
  2 tengu reavers
  8 storm dragons
  Donald (Vaults:3)
  2 draconian knights
  2 emperor scorpions (Spider:4)
  A nagaraja (Depths:4)
  A frost giant (Depths:1)
  A fire giant (Depths:1)
  2 draconian monks
  2 deep elf sorcerers (Elf:3)
  2 ghost moths
  A draconian shifter (Depths:4)
  A balrug (Depths:2)
  4 draconian scorchers
  5 vault wardens
  A deep elf elementalist (Elf:3)
  A spriggan defender (Depths:2)
  3 ironbound preservers
  An orc warlord (Vaults:4)
  2 draconian stormcallers
  2 draconian annihilators
  A cacodemon (Abyss:3)
  An ophan (Depths:2)
  6 ironbound thunderhulks
  2 stone giants
  A vampire knight (Depths:3)
  2 very ugly things
  13 black draconians
  3 deep elf demonologists
  5 green draconians
  3 purple draconians
  5 white draconians
  2 deep elf annihilators (Elf:3)
  8 red draconians
  A dire elephant (Lair:5)
  3 ettins
  A spark wasp (Spider:3)
  3 yellow draconians
  3 deep elf death magi
  A fire dragon (Depths:2)
  3 merfolk impalers
  A merfolk javelineer (Shoals:3)
  5 yaktaur captains
  4 entropy weavers
  2 great orbs of eyes
  3 hydras
  A hell beast (Zot:5)
  7 ice dragons
  2 vault guards
  2 deep elf high priests (Elf:3)
  2 spriggan air magi
  A radroach (Spider:2)
  A boulder beetle (D:12)
  An alligator snapping turtle (Shoals:3)
  A merfolk avatar (Shoals:2)
  2 ogre magi (D:13)
  9 centaur warriors
  An anaconda (Depths:4)
  A death knight (Vaults:2)
  3 two-headed ogres
  3 merfolk aquamancers
  3 dancing weapons
  A catoblepas (D:14)
  12 death yaks
  5 naga warriors (Depths:4)
  A hell hog (Abyss:3)
  2 orc high priests
  3 spriggan berserkers
  2 deep troll earth magi
  A sun demon (Depths:2)
  7 deep elf knights
  A skyshark (Shoals:2)
  A wretched star (Abyss:3)
  9 sea snakes
  A sixfirhy (Depths:1)
  2 skeletal warriors (D:13)
  A pharaoh ant (Spider:4)
  Lodul (D:14)
  A glowing orange brain (Depths:2)
  17 deep trolls
  2 orb spiders
  A tengu zombie (Vaults:4)
  11 deep elf archers
  4 wizards
  10 deep elf pyromancers
  2 lindwurms
  5 ironbound convokers
  2 steelbarb worms
  3 orc knights (Vaults:2)
  12 wolf spiders
  10 deep elf zephyrmancers
  An orc sorcerer (Orc:2)
  2 necromancers
  A will-o-the-wisp (Abyss:3)
  An oklob plant (Orc:1)
  4 manticores
  11 moths of wrath
  3 cyclopes
  5 fauns (Shoals:2)
  Maurice (Orc:2)
  A rust devil (Depths:1)
  5 ugly things
  A fire giant skeleton (Vaults:4)
  2 naga magi (Depths:4)
  2 black mambas (Depths:4)
  A merfolk siren (Shoals:3)
  16 elephants
  2 guardian serpents (Depths:4)
  3 vault sentinels
  A water nymph (Shoals:4)
  2 torpor snails (Lair:2)
  8 cane toads
  An unseen horror (D:12)
  A kobold demonologist (D:11)
  A rime drake (Lair:3)
  7 komodo dragons
  4 yaktaurs
  A red devil (D:12)
  4 trolls
  4 wind drakes
  2 meliai (Spider:2)
  A polar bear (Lair:1)
  6 tarantellas
  A hornet (D:7)
  3 dream sheep
  16 merfolk
  3 snapping turtles
  14 blink frogs
  9 jumping spiders
  A flying skull (Abyss:3)
  6 slime creatures
  6 culicivoras
  3 water elementals
  22 yaks
  A wyvern (Lair:4)
  A hog (Spider:4)
  A wraith (Vaults:2)
  A fire elemental (Elf:1)
  A golden eye (Abyss:3)
  A vampire mosquito (D:10)
  8 humans (D:13)
  2 basilisks (Lair:2)
  A naga (Depths:4)
  19 redbacks
  3 small abominations (Abyss:3)
  A warg (Orc:2)
  An acid dragon (D:10)
  9 large abominations (Abyss:3)
  A hell hound (Abyss:3)
  5 water moccasins
  16 orc warriors
  A swamp drake (D:9)
  3 black bears (Lair:1)
  2 ice beasts
  17 wolves
  4 centaurs
  5 ogres (D:14)
  3 kobold brigands
  8 bullfrogs
  2 earth elementals
  3 scorpions (Lair:2)
  A human simulacrum (Depths:2)
  6 wights
  A hornet simulacrum (D:7)
  3 electric eels (Lair:2)
  3 howler monkeys
  14 orc priests
  14 orc wizards
  An iguana (D:7)
  2 worms
  23 orcs
  A goblin (Orc:2)
  6 kobolds
752 creatures vanquished.

Vanquished Creatures (others)
  An ancient lich (Zot:5)
  12 eldritch tentacles
  A white draconian (Zot:4)
  2 centaur warriors (D:14)
  A phantasmal warrior (Depths:2)
  A deep elf zephyrmancer (Elf:3)
  A black mamba (Lair:3)
  A tengu simulacrum (Depths:2)
  A human (Spider:4)
  A redback (Spider:4)
  A water moccasin (Lair:3)
  A sky beast (D:8)
  A centaur (D:10)
  A hornet simulacrum (D:7)
  93 hexers
  6 ancestors
  A quokka (Depths:3)
  2 foxfires (Abyss:3)
  5 snaplasher vines
  2 starspawn tentacles (Abyss:3)
  4 tentacles (Shoals:4)
139 creatures vanquished.

Grand Total: 2225 creatures vanquished

Notes
Turn   | Place    | Note
-------+----------+-------------------------------------------
     0 | D:1      | mive the Gnoll Artificer began the quest for the Orb.
     0 | D:1      | Reached XP level 1. HP: 17/17 MP: 1/1
   158 | D:1      | Found a faded altar of an unknown god.
   200 | D:1      | Reached XP level 2. HP: 20/23 MP: 2/2
   831 | D:1      | Reached XP level 3. HP: 26/28 MP: 3/3
   930 | D:2      | Reached skill level 1 in Invocations
  1046 | D:2      | Identified the +1 robe of Trumpets {rF+ Dex+3}
  1168 | D:2      | Reached skill level 1 in Short Blades
  1168 | D:2      | Reached skill level 1 in Long Blades
  1168 | D:2      | Reached skill level 1 in Axes
  1168 | D:2      | Reached skill level 1 in Maces & Flails
  1168 | D:2      | Reached skill level 1 in Polearms
  1168 | D:2      | Reached skill level 1 in Staves
  1168 | D:2      | Reached skill level 1 in Ranged Weapons
  1168 | D:2      | Reached skill level 1 in Throwing
  1168 | D:2      | Reached skill level 1 in Shields
  1168 | D:2      | Reached skill level 1 in Unarmed Combat
  1168 | D:2      | Reached skill level 1 in Spellcasting
  1228 | D:2      | Reached XP level 4. HP: 28/34 MP: 5/5
  1633 | D:3      | Reached skill level 1 in Conjurations
  1633 | D:3      | Reached skill level 1 in Hexes
  1633 | D:3      | Reached skill level 1 in Summonings
  1633 | D:3      | Reached skill level 1 in Necromancy
  1633 | D:3      | Reached skill level 1 in Translocations
  1633 | D:3      | Reached skill level 1 in Transmutations
  1633 | D:3      | Reached skill level 1 in Fire Magic
  1633 | D:3      | Reached skill level 1 in Ice Magic
  1633 | D:3      | Reached skill level 1 in Air Magic
  1633 | D:3      | Reached skill level 1 in Earth Magic
  1633 | D:3      | Reached skill level 1 in Poison Magic
  1633 | D:3      | Noticed Terence
  1637 | D:3      | Killed Terence
  1734 | D:3      | Reached XP level 5. HP: 39/40 MP: 7/7
  1784 | D:3      | Noticed Natasha
  1803 | D:3      | Killed Natasha
  2231 | D:3      | Found a shadowy altar of Dithmenos.
  2263 | D:3      | Found a bloodstained altar of Trog.
  2459 | D:4      | Noticed Edmund
  2512 | D:3      | Noticed Natasha
  2515 | D:3      | Killed Natasha
  2531 | D:3      | Noticed Natasha
  2537 | D:3      | Killed Natasha
  2538 | D:3      | Reached XP level 6. HP: 47/47 MP: 8/8
  2709 | D:4      | Reached skill level 5 in Armour
  2768 | D:4      | Learned a level 2 spell: Blink
  2909 | D:4      | Killed Edmund
  3149 | D:5      | Entered Level 5 of the Dungeon
  3149 | D:5      | Noticed a +0 hand axe
  3149 | D:5      | Noticed a +0 dagger
  3149 | D:5      | Found a hide-covered altar of Uskayaw.
  3172 | D:5      | Noticed Sigmund
  3172 | D:5      | Noticed a black bear
  3173 | D:5      | Sigmund changed into Sigmund the orc
  3173 | D:5      | Noticed Sigmund
  3181 | D:5      | Sigmund the orc changed into Sigmund the jackal
  3181 | D:5      | Noticed Sigmund
  3189 | D:5      | Killed Sigmund the jackal
  3280 | D:5      | Killed a blink frog
  3281 | D:5      | Reached XP level 7. HP: 53/53 MP: 10/10
  3724 | D:5      | Found a staircase to the Ecumenical Temple.
  3730 | Temple   | Entered the Ecumenical Temple
  3775 | Temple   | Became a worshipper of Hepliaklqana the Forgotten
  3940 | D:6      | Found a radiant altar of Vehumet.
  3970 | D:6      | Reached XP level 8. HP: 57/60 MP: 12/12
  3970 | D:6      | Found a sparkling altar of Nemelex Xobeh.
  4933 | D:7      | Found a sacrificial altar of Ru.
  5099 | D:7      | Found a glowing golden altar of the Shining One.
  5120 | D:7      | Reached * piety under Hepliaklqana
  5209 | D:7      | Noticed a wraith
  5215 | D:7      | Killed a wraith
  5385 | D:7      | Found a runed translucent door.
  5386 | D:7      | Noticed Crazy Yiuf
  5414 | D:7      | Noticed a manticore
  5459 | D:7      | Reached XP level 9. HP: 56/59 MP: 14/14
  5487 | D:7      | Noticed a hornet
  5498 | D:7      | Killed a hornet
  5540 | D:7      | Reached skill level 5 in Fighting
  5540 | D:7      | Reached skill level 5 in Dodging
  5560 | D:7      | Noticed a two-headed ogre
  5572 | D:7      | a two-headed ogre changed into a jumping spider
  5676 | D:8      | Reached skill level 5 in Stealth
  5841 | D:7      | Noticed a hornet
  5859 | D:7      | Killed a hornet
  5860 | D:7      | Reached skill level 5 in Invocations
  6143 | D:8      | Found a blossoming altar of Fedhas.
  6226 | D:7      | Reached skill level 5 in Short Blades
  6226 | D:7      | Reached skill level 5 in Long Blades
  6226 | D:7      | Reached skill level 5 in Axes
  6226 | D:7      | Reached skill level 5 in Maces & Flails
  6226 | D:7      | Reached skill level 5 in Polearms
  6226 | D:7      | Reached skill level 5 in Staves
  6226 | D:7      | Reached skill level 5 in Ranged Weapons
  6226 | D:7      | Reached skill level 5 in Throwing
  6226 | D:7      | Reached skill level 5 in Shields
  6226 | D:7      | Reached skill level 5 in Unarmed Combat
  6226 | D:7      | Reached skill level 5 in Spellcasting
  6226 | D:7      | Reached XP level 10. HP: 68/68 MP: 17/17
  6611 | D:7      | Killed a manticore
  6759 | D:8      | Noticed Maggie
  6763 | D:8      | Maggie changed into Maggie the sky beast
  6763 | D:8      | Noticed Maggie
  6769 | D:8      | Noticed Pikel
  6778 | D:8      | Your ally Maggie died
  6802 | D:8      | Killed Pikel
  6955 | D:8      | Found a stormy altar of Qazlal.
  7057 | D:7      | Learned a level 4 spell: Summon Lightning Spire
  7348 | D:9      | Reached ** piety under Hepliaklqana
  7349 | D:9      | Remembered your ancestor Kammani as a hexer
  7355 | D:9      | Found an ornate altar of the Wu Jian Council.
  7452 | D:9      | Found a transporter.
  7453 | D:9      | Found a transporter.
  7453 | D:9      | Noticed a boulder beetle
  7651 | D:9      | Noticed an obsidian statue
  7960 | D:9      | Found a staircase to the Lair.
  7961 | D:9      | Noticed a fire crab
  7967 | D:9      | a fire crab changed into a yak
  8123 | D:9      | Reached skill level 5 in Conjurations
  8123 | D:9      | Reached skill level 5 in Hexes
  8123 | D:9      | Reached skill level 5 in Summonings
  8123 | D:9      | Reached skill level 5 in Necromancy
  8123 | D:9      | Reached skill level 5 in Translocations
  8123 | D:9      | Reached skill level 5 in Transmutations
  8123 | D:9      | Reached skill level 5 in Fire Magic
  8123 | D:9      | Reached skill level 5 in Ice Magic
  8123 | D:9      | Reached skill level 5 in Air Magic
  8123 | D:9      | Reached skill level 5 in Earth Magic
  8123 | D:9      | Reached skill level 5 in Poison Magic
  8182 | D:9      | Reached XP level 11. HP: 74/74 MP: 20/20
  8192 | D:9      | Found a staircase to the Orcish Mines.
  8617 | D:10     | Entered Level 10 of the Dungeon
  8782 | D:10     | Noticed a two-headed ogre
  8788 | D:10     | Killed a two-headed ogre
  8820 | D:10     | Reached *** piety under Hepliaklqana
  8883 | D:10     | Found Zin's Purification Station.
  8887 | D:10     | Learned a level 2 spell: Wereblood
  8888 | D:10     | Found a glowing silver altar of Zin.
  8892 | D:10     | Bought a potion of curing for 90 gold pieces
  9060 | D:10     | Found a snail-covered altar of Cheibriados.
  9274 | D:10     | Found an ancient bone altar of Kikubaaqudgha.
  9344 | D:10     | Noticed a two-headed ogre
  9730 | D:11     | Noticed a two-headed ogre
  9750 | D:11     | Killed a two-headed ogre
  9929 | D:9      | Killed a boulder beetle
 10004 | Lair:1   | Entered Level 1 of the Lair of Beasts
 10362 | Lair:1   | Reached **** piety under Hepliaklqana
 10512 | Lair:1   | Reached XP level 12. HP: 81/81 MP: 22/22
 10708 | Lair:1   | Learned a level 4 spell: Petrify
 11114 | Lair:1   | Learned a level 1 spell: Apportation
 11170 | Lair:1   | Reached skill level 10 in Evocations
 11773 | Lair:2   | Noticed a death yak
 11783 | Lair:2   | Killed a death yak
 11783 | Lair:2   | Noticed a death yak
 11784 | Lair:2   | Noticed a death yak
 11800 | Lair:2   | Killed a death yak
 11803 | Lair:2   | Noticed a death yak
 11805 | Lair:2   | Killed a death yak
 11811 | Lair:2   | Killed a death yak
 11911 | Lair:2   | Found a hole to the Spider Nest.
 12169 | Lair:2   | Reached XP level 13. HP: 78/89 MP: 25/25
 13303 | Lair:2   | Learned a level 4 spell: Vhi's Electric Charge
 13867 | Lair:3   | Found a dark tunnel.
 13882 | Volcano  | Entered a volcano
 14340 | Lair:3   | Found a staircase to the Shoals.
 14655 | Lair:3   | Learned a level 4 spell: Sticky Flame
 14661 | Lair:3   | Learned a level 5 spell: Irradiate
 14682 | Lair:4   | Reached skill level 10 in Armour
 14834 | Lair:4   | Reached ***** piety under Hepliaklqana
 16058 | Lair:4   | Reached skill level 10 in Invocations
 16058 | Lair:4   | Reached XP level 14. HP: 87/97 MP: 24/27
 16164 | Lair:4   | Found a large runed translucent door.
 16164 | Lair:4   | Found a large runed translucent door.
 16436 | Lair:4   | Noticed Etreokin's ghost (journeyman KoEn)
 16799 | Lair:5   | Entered Level 5 of the Lair of Beasts
 17323 | Lair:5   | Found a viscous altar of Jiyva.
 17324 | Lair:5   | Found a staircase to the Slime Pits.
 17651 | Lair:5   | Reached skill level 10 in Fighting
 17651 | Lair:5   | Reached skill level 10 in Dodging
 17864 | Lair:5   | Reached skill level 10 in Stealth
 18711 | Lair:5   | Noticed a dire elephant
 18722 | Lair:5   | Killed a dire elephant
 18884 | Lair:5   | Found a runed translucent door.
 18884 | Lair:5   | Found a shimmering altar of Xom.
 18884 | Lair:5   | Noticed xsansara's ghost (journeyman DjCj)
 19633 | D:10     | Reached skill level 10 in Short Blades
 19633 | D:10     | Reached skill level 10 in Long Blades
 19633 | D:10     | Reached skill level 10 in Axes
 19633 | D:10     | Reached skill level 10 in Maces & Flails
 19633 | D:10     | Reached skill level 10 in Polearms
 19633 | D:10     | Reached skill level 10 in Staves
 19633 | D:10     | Reached skill level 10 in Ranged Weapons
 19633 | D:10     | Reached skill level 10 in Throwing
 19633 | D:10     | Reached skill level 10 in Shields
 19633 | D:10     | Reached skill level 10 in Unarmed Combat
 19633 | D:10     | Reached skill level 10 in Spellcasting
 20059 | D:11     | Learned a level 4 spell: Airstrike
 20104 | D:11     | You fall into a shaft and drop 1 floor!
 20401 | D:11     | Found Ekutea's Neck Hole.
 20519 | D:11     | Found a portal to a secret trove of treasure.
 20777 | D:12     | Reached XP level 15. HP: 105/105 MP: 29/29
 21955 | D:13     | Reached ****** piety under Hepliaklqana
 22010 | D:13     | Identified the ring "Imnoup" {rN+ Str+4}
 22319 | Orc:1    | Entered Level 1 of the Orcish Mines
 22588 | Orc:1    | Noticed Urug
 22598 | Orc:1    | Killed Urug
 23198 | Orc:2    | Entered Level 2 of the Orcish Mines
 23217 | Orc:2    | Found a staircase to the Elven Halls.
 23785 | Orc:2    | Noticed Maurice
 24045 | Orc:2    | Killed Maurice
 24047 | Orc:2    | Noticed Sonja
 24054 | Orc:2    | Killed Sonja
 24273 | Orc:2    | Found Kaptuyji's Antique Weapon Shoppe.
 24273 | Orc:2    | Found Koggotz's Antique Weapon Emporium.
 24273 | Orc:2    | Found Ecysi's Assorted Antiques.
 24276 | Orc:2    | Found Iptuqoy's General Store.
 24286 | Orc:2    | Bought an iridescent war axe for 195 gold pieces
 24286 | Orc:2    | Identified the +5 war axe of Fixation {flame, rCorr} (You
                  | bought it in a shop on level 2 of the Orcish Mines)
 24725 | Orc:2    | Bought the +13 scythe of Curses {drain, curses, Drain} for
                  | 1840 gold pieces
 24725 | Orc:2    | Found the +13 scythe of Curses {drain, curses, Drain}
 25078 | D:13     | Learned a level 5 spell: Summon Forest
 26555 | D:13     | Found the +12 glaive of Prune {freeze, Prune}
 26933 | D:13     | Found a gate to the Vaults.
 27240 | D:13     | Reached XP level 16. HP: 112/112 MP: 8/30
 27612 | D:14     | Noticed Lodul
 27635 | D:14     | Killed Lodul
 28092 | D:14     | Noticed Louise
 28397 | Spider:1 | Entered Level 1 of the Spider Nest
 29562 | Spider:1 | Upgraded the game from 0.31-a0-60-g62046a28e0 to
                  | 0.31-a0-73-g838c19eb66
 29634 | Spider:1 | Noticed Frances
 29664 | Spider:1 | Killed Frances
 30734 | Spider:1 | Upgraded the game from 0.31-a0-73-g838c19eb66 to
                  | 0.31-a0-79-g9ec6622867
 32244 | Spider:2 | You fall into a shaft and drop 1 floor!
 33885 | Spider:3 | Upgraded the game from 0.31-a0-79-g9ec6622867 to
                  | 0.31-a0-89-g637a80eef8
 34752 | Spider:3 | Noticed Arachne
 34766 | Spider:3 | Killed Arachne
 34951 | Spider:3 | Identified the +5 ring mail of the Cartwright {rN+ Str-4
                  | Int-2 Dex+6}
 35044 | Spider:3 | Reached XP level 17. HP: 86/119 MP: 2/32
 35193 | Spider:3 | Learned a level 5 spell: Arcjolt
 36049 | Spider:4 | Entered Level 4 of the Spider Nest
 36076 | Spider:4 | Reached skill level 10 in Conjurations
 36076 | Spider:4 | Reached skill level 10 in Hexes
 36076 | Spider:4 | Reached skill level 10 in Summonings
 36076 | Spider:4 | Reached skill level 10 in Necromancy
 36076 | Spider:4 | Reached skill level 10 in Translocations
 36076 | Spider:4 | Reached skill level 10 in Transmutations
 36076 | Spider:4 | Reached skill level 10 in Fire Magic
 36076 | Spider:4 | Reached skill level 10 in Ice Magic
 36076 | Spider:4 | Reached skill level 10 in Air Magic
 36076 | Spider:4 | Reached skill level 10 in Earth Magic
 36076 | Spider:4 | Reached skill level 10 in Poison Magic
 36738 | Spider:4 | Noticed Kirke
 37076 | Spider:4 | Killed Kirke
 38588 | Spider:4 | Upgraded the game from 0.31-a0-89-g637a80eef8 to
                  | 0.31-a0-690-g7ce4588941
 41707 | Spider:4 | Got a gossamer rune of Zot
 42405 | Shoals:1 | Entered Level 1 of the Shoals
 42583 | Shoals:1 | Noticed Nikola
 44121 | Shoals:2 | Upgraded the game from 0.31-a0-690-g7ce4588941 to
                  | 0.31-a0-692-gf03d1854d5
 44456 | Shoals:2 | Reached XP level 18. HP: 127/127 MP: 11/34
 45056 | Shoals:2 | Noticed Ilsuiw
 45438 | Shoals:2 | Killed Ilsuiw
 46150 | Shoals:3 | Learned a level 6 spell: Plasma Beam
 49054 | Shoals:3 | Found Jumpehei's Magic Scroll Emporium.
 49064 | Shoals:3 | Bought a scroll of identify for 40 gold pieces
 49064 | Shoals:3 | Bought a scroll of identify for 40 gold pieces
 49064 | Shoals:3 | Bought a scroll of teleportation for 60 gold pieces
 49066 | Shoals:3 | Bought a scroll of identify for 40 gold pieces
 49066 | Shoals:3 | Bought a scroll of identify for 40 gold pieces
 49539 | Shoals:4 | Entered Level 4 of the Shoals
 50787 | Shoals:4 | Identified the +7 quarterstaff "Wutet" {antimagic, rPois
                  | rF++}
 53146 | Shoals:4 | Identified the +5 ring mail "Jafesajel" {rF+}
 54222 | Shoals:4 | Upgraded the game from 0.31-a0-692-gf03d1854d5 to
                  | 0.31-a0-702-gf82c85558f
 54522 | Shoals:4 | Reached XP level 19. HP: 106/135 MP: 22/36
 54855 | Shoals:4 | Got a barnacled rune of Zot
 56370 | D:7      | Killed Crazy Yiuf
 56556 | D:9      | Identified the +11 long sword "Dyhariukh" {venom, MP+9
                  | Int+2 Dex+3 Stlth+}
 57184 | D:14     | Killed Louise
 57683 | D:15     | Entered Level 15 of the Dungeon
 58000 | D:15     | Found Giminois's Assorted Antiques.
 58462 | D:15     | Found a staircase to the Depths.
 59141 | Lair:2   | Upgraded the game from 0.31-a0-702-gf82c85558f to
                  | 0.31-a0-726-g3c93526463
 59422 | Elf:1    | Entered Level 1 of the Elven Halls
 60256 | Elf:1    | Paralysed by an air elemental for 1 turns
 60259 | Elf:1    | Paralysed by an air elemental for 1 turns
 61054 | Elf:1    | Paralysed by an air elemental for 1 turns
 61156 | Elf:1    | Got the Omnibus of Wildfire
 61167 | Elf:1    | Got Sif Muna's Papyrus of the Serac
 61184 | Elf:1    | Got Umerugg's Encyclopedia of Earth
 61555 | Elf:2    | Identified the +1 chain mail of the Furrier {Contam Int+4
                  | SInv}
 61677 | Elf:2    | Identified the +1 scale mail "Teph" {Harm Drain Fly}
 61689 | Elf:2    | Reached skill level 15 in Evocations
 63078 | Elf:2    | Reached skill level 15 in Invocations
 63251 | Elf:2    | Found a runed translucent gate.
 63251 | Elf:2    | Found a runed translucent gate.
 63251 | Elf:2    | Found a runed translucent gate.
 63251 | Elf:2    | Found a runed translucent gate.
 63251 | Elf:2    | Found a runed translucent gate.
 63252 | Elf:2    | Found a runed translucent gate.
 63436 | Elf:2    | Found Bareitoa's Book Boutique.
 63436 | Elf:2    | Found Seamuum's Jewellery Shoppe.
 63437 | Elf:2    | Found Hesm's Book Boutique.
 63483 | Elf:2    | Found a runed translucent gate.
 63484 | Elf:2    | Found a runed translucent gate.
 63484 | Elf:2    | Found a runed translucent gate.
 63749 | Elf:3    | Entered Level 3 of the Elven Halls
 63754 | Elf:3    | Reached XP level 20. HP: 142/143 MP: 26/37
 64331 | Elf:3    | Identified the +2 pair of gloves "Ygubixeni" {Harm rC++
                  | Str-2}
 64811 | Elf:3    | Noticed a Brimstone Fiend
 66196 | Elf:3    | Noticed a Brimstone Fiend
 66591 | Elf:3    | Noticed a Brimstone Fiend
 66592 | Elf:3    | Noticed a Brimstone Fiend
 66820 | Elf:3    | Identified the +6 whip "Orb Guardian's Regret" {antimagic,
                  | rN++ Will+++ Int+3 Dex-2}
 66820 | Elf:3    | Identified the ring of False Hope {*Corrode *Slow rF+++
                  | Will+++ Str+6}
 67201 | Elf:3    | Identified the +3 mace "Ogre's Undoing" {heavy, rElec MP+9}
 67239 | Elf:3    | Identified the +0 robe "Zawkah" {Fly rPois Dex-5 Stlth+}
 67404 | Elf:3    | Identified the +8 quarterstaff "Uzam" {flame, rPois Int+4
                  | SInv}
 67739 | Elf:3    | Identified the +9 hand cannon "Tiyrphenn" {heavy, rElec
                  | Str+5 Int-5}
 67784 | Elf:3    | Identified the staff of a Billion Loafs {rElec Will+ Dex+2
                  | Air}
 67794 | Elf:3    | Identified the +4 plate armour of Gravity {rElec rPois
                  | rC+++ Str-5}
 68101 | Elf:2    | Bought the ring of Kina {rPois Will+} for 456 gold pieces
 68973 | Vaults:1 | Entered Level 1 of the Vaults
 69125 | Vaults:1 | Reached skill level 15 in Armour
 70372 | Vaults:1 | Learned a level 6 spell: Leda's Unmaking
 70504 | Vaults:1 | Found a runed translucent gate.
 70504 | Vaults:1 | Found a runed translucent gate.
 70504 | Vaults:1 | Found a runed translucent gate.
 70674 | Vaults:1 | Reached XP level 21. HP: 147/149 MP: 27/39
 71195 | Vaults:1 | Upgraded the game from 0.31-a0-726-g3c93526463 to
                  | 0.31-a0-731-ga75f04deac
 71272 | Vaults:1 | Noticed Marixus's ghost (adept HOFi)
 72879 | Vaults:2 | Reached skill level 15 in Fighting
 72879 | Vaults:2 | Reached skill level 15 in Dodging
 72953 | Vaults:2 | Reached skill level 15 in Stealth
 73438 | Vaults:2 | Found a staircase to the Crypt.
 74826 | Vaults:3 | Reached skill level 15 in Short Blades
 74826 | Vaults:3 | Reached skill level 15 in Long Blades
 74826 | Vaults:3 | Reached skill level 15 in Axes
 74826 | Vaults:3 | Reached skill level 15 in Maces & Flails
 74826 | Vaults:3 | Reached skill level 15 in Polearms
 74826 | Vaults:3 | Reached skill level 15 in Staves
 74826 | Vaults:3 | Reached skill level 15 in Ranged Weapons
 74826 | Vaults:3 | Reached skill level 15 in Throwing
 74826 | Vaults:3 | Reached skill level 15 in Shields
 74826 | Vaults:3 | Reached skill level 15 in Unarmed Combat
 74826 | Vaults:3 | Reached skill level 15 in Spellcasting
 75652 | Vaults:3 | Noticed Donald
 75659 | Vaults:3 | Killed Donald
 75669 | Vaults:3 | Reached XP level 22. HP: 149/157 MP: 5/41
 77389 | Vaults:4 | Paralysed by a formless jellyfish for 1 turns
 79212 | Depths:1 | Entered Level 1 of the Depths
 79903 | Depths:1 | Found a one-way gate leading to the halls of Pandemonium.
 80291 | Depths:1 | Found a gateway to Hell.
 80387 | Depths:1 | Found a shimmering blue altar of Sif Muna.
 80537 | Depths:1 | Found Oskasmai's Book Emporium.
 81407 | Depths:2 | Identified the ring "Anaum" {Ice Str+3}
 81407 | Depths:2 | Noticed Josephina
 81410 | Depths:1 | Upgraded the game from 0.31-a0-731-ga75f04deac to
                  | 0.31-a0-744-gbc345e7fcb
 81542 | Depths:1 | Killed Josephina
 81821 | Depths:2 | Reached XP level 23. HP: 163/164 MP: 26/42
 82490 | Depths:2 | Noticed a juggernaut
 82501 | Depths:2 | Killed a juggernaut
 82912 | Depths:2 | Identified the ring "Pon Bogi" {rElec rPois Str+4 Int-3}
 82916 | Depths:2 | Got Bocvawn's Octavo of Undead Bolts
 82916 | Depths:2 | Got the Incunabulum of Leadership
 82924 | Depths:2 | Learned a level 6 spell: Simulacrum
 83336 | Depths:2 | Found a white marble altar of Elyvilon.
 83336 | Depths:2 | Found a glowing silver altar of Zin.
 83338 | Depths:2 | Found a glowing golden altar of the Shining One.
 83856 | Depths:2 | Identified the +0 leather armour "Dopycwe" {Contam *Slow
                  | rCorr Int+8}
 84002 | Depths:3 | Noticed Sojobo
 84093 | Depths:3 | Found a white marble altar of Elyvilon.
 84154 | Depths:2 | Upgraded the game from 0.31-a0-744-gbc345e7fcb to
                  | 0.31-a0-746-ge8284cb111
 84234 | Depths:1 | Bought a book of Unlife for 864 gold pieces
 84363 | Depths:3 | Noticed Saint Roka
 84375 | Depths:3 | Killed Saint Roka
 84375 | Depths:3 | Noticed Jory
 84389 | Depths:2 | Killed Jory
 84574 | Depths:3 | Found a one-way gate to the infinite horrors of the Abyss.
 84736 | Depths:3 | Reached skill level 15 in Shapeshifting
 84828 | Depths:3 | Noticed a golden dragon
 84834 | Depths:3 | Killed a golden dragon
 85156 | Depths:3 | Killed Sojobo
 85345 | Depths:3 | Noticed a golden dragon
 85351 | Depths:3 | Killed a golden dragon
 85888 | Depths:3 | Found a one-way gateway to a ziggurat.
 87251 | D:11     | You paid a toll of +2 storm dragon scales to enter a
                  | treasure trove
 87252 | Trove    | Entered a treasure trove
 87260 | Trove    | Identified the +6 mace "Yffyof" {heavy, rF++}
 87261 | Trove    | Identified the +11 short sword of a Labyrinth {heavy,
                  | Dex+5}
 87262 | Trove    | Identified the +9 dagger "Xeqimuj" {heavy, Fly}
 87280 | Trove    | Identified the +6 sling "Umicaifari" {venom, Will+}
 87290 | Trove    | Identified the +1 spear "Goverch" {antimagic, rF+ rN+ Int+3
                  | Stlth+}
 87295 | Trove    | Identified the +1 sling of Burning Reinforcement
                  | {antimagic, Str+2}
 87584 | Depths:4 | Entered Level 4 of the Depths
 88054 | Depths:4 | Reached XP level 24. HP: 173/173 MP: 38/43
 88060 | Depths:4 | Learned a level 5 spell: Borgnjor's Vile Clutch
 88118 | Depths:4 | Noticed Frederick
 88171 | Depths:4 | Killed Frederick
 88946 | Depths:4 | Got the Excursus on Incendiary Command
 88996 | Depths:4 | Identified the staff of Insufficient Pleasure {rF+ rCorr
                  | Fire}
 89781 | Depths:4 | Found a gate to the Realm of Zot.
 90671 | Depths:4 | Voluntarily entered the Abyss.
 90671 | Abyss:1  | Found a corrupted altar of Lugonu.
 90700 | Abyss:3  | Found a corrupted altar of Lugonu.
 90916 | Abyss:3  | Gained mutation: Your spells are a little easier to cast,
                  | but a little less powerful. [a cacodemon]
 91090 | Abyss:3  | Got an abyssal rune of Zot
 91096 | Depths:4 | Escaped the Abyss
 91520 | Orc:2    | Bought 2 scrolls of amnesia for 224 gold pieces
 91530 | Orc:2    | Learned a level 7 spell: Malign Gateway
 91870 | Depths:1 | Bought a book of Geomancy for 432 gold pieces
 91873 | Depths:1 | Learned a level 2 spell: Passwall
 91982 | Zot:1    | Entered Level 1 of the Realm of Zot
 92892 | Depths:4 | Upgraded the game from 0.31-a0-746-ge8284cb111 to
                  | 0.31-a0-764-g8440623082
 95075 | Zot:2    | Reached XP level 25. HP: 166/180 MP: 11/44
 96791 | Zot:3    | Found a transporter.
 96795 | Zot:3    | Found a transporter.
 96797 | Zot:3    | Found a transporter.
 96797 | Zot:3    | Found a transporter.
 97090 | Zot:3    | Noticed an orb of fire
 97105 | Zot:3    | Killed an orb of fire
 98699 | Spider:4 | Learned a level 7 spell: Ozocubu's Refrigeration
100118 | Zot:4    | Reached skill level 15 in Conjurations
100118 | Zot:4    | Reached skill level 15 in Hexes
100118 | Zot:4    | Reached skill level 15 in Summonings
100118 | Zot:4    | Reached skill level 15 in Necromancy
100118 | Zot:4    | Reached skill level 15 in Translocations
100118 | Zot:4    | Reached skill level 15 in Transmutations
100118 | Zot:4    | Reached skill level 15 in Fire Magic
100118 | Zot:4    | Reached skill level 15 in Ice Magic
100118 | Zot:4    | Reached skill level 15 in Air Magic
100118 | Zot:4    | Reached skill level 15 in Earth Magic
100118 | Zot:4    | Reached skill level 15 in Poison Magic
101773 | Zot:5    | Entered Level 5 of the Realm of Zot
101800 | Zot:5    | Found a huge runed gate.
101981 | Zot:5    | Found a huge runed gate.
101981 | Zot:5    | Found a huge runed gate.
101981 | Zot:5    | Found a huge runed gate.
101981 | Zot:5    | Found a huge runed gate.
101981 | Zot:5    | Found a huge runed gate.
101981 | Zot:5    | Found a huge runed gate.
101981 | Zot:5    | Found a huge runed gate.
101981 | Zot:5    | Found a huge runed gate.
101981 | Zot:5    | Found a huge runed gate.
101983 | Zot:5    | Found a huge runed gate.
101983 | Zot:5    | Found a huge runed gate.
101984 | Zot:5    | Found a huge runed gate.
101985 | Zot:5    | Found a huge runed gate.
101986 | Zot:5    | Found a huge runed gate.
101987 | Zot:5    | Found a huge runed gate.
101988 | Zot:5    | Found a huge runed gate.
101989 | Zot:5    | Found a huge runed gate.
101990 | Zot:5    | Found a huge runed gate.
101998 | Zot:5    | Found a huge runed gate.
101998 | Zot:5    | Found a huge runed gate.
101998 | Zot:5    | Found a huge runed gate.
101998 | Zot:5    | Found a huge runed gate.
101998 | Zot:5    | Found a huge runed gate.
101998 | Zot:5    | Found a huge runed gate.
102000 | Zot:5    | Found a huge runed gate.
102001 | Zot:5    | Found a huge runed gate.
102010 | Zot:5    | Found a huge runed gate.
102010 | Zot:5    | Found a huge runed gate.
102010 | Zot:5    | Found a huge runed gate.
102010 | Zot:5    | Found a huge runed gate.
102010 | Zot:5    | Found a huge runed gate.
102198 | Zot:5    | Found a huge runed gate.
102198 | Zot:5    | Found a huge runed gate.
102198 | Zot:5    | Found a huge runed gate.
102198 | Zot:5    | Found a huge runed gate.
102358 | Zot:5    | Noticed an ancient lich
102365 | Zot:5    | Killed an ancient lich
102366 | Zot:5    | Reached XP level 26. HP: 139/189 MP: 16/44
102371 | Zot:5    | Noticed a Killer Klown
102592 | Zot:5    | Noticed an ancient lich
102597 | Zot:5    | Killed an ancient lich
102840 | Zot:5    | Noticed an orb of fire
102860 | Zot:5    | Killed an orb of fire
102937 | Zot:5    | Killed a Killer Klown
103013 | Zot:5    | Noticed an ancient lich
103021 | Zot:5    | Killed an ancient lich
103219 | Zot:5    | Noticed a Killer Klown
103380 | Zot:5    | Killed a Killer Klown
103597 | Zot:5    | Noticed an orb of fire
103601 | Zot:5    | Noticed an ancient lich
103615 | Zot:5    | Noticed a Killer Klown
103615 | Zot:5    | Killed an ancient lich
103618 | Zot:5    | Killed an orb of fire
103628 | Zot:5    | Killed a Killer Klown
103721 | Zot:5    | Noticed an ancient lich
103727 | Zot:5    | Killed an ancient lich
103849 | Zot:5    | Noticed an ancient lich
103855 | Zot:5    | Killed an ancient lich
103973 | Zot:5    | Noticed an orb of fire
103980 | Zot:5    | Killed an orb of fire
104489 | Zot:5    | Got the Orb of Zot
104620 | Depths:4 | Gained mutation: You are weak. (Str -2) [a neqoxec]
104974 | D:2      | Noticed Edimawua the pandemonium lord
105009 | D:$      | Escaped with the Orb!

Illustrated notes

Levels and vault maps discovered:
D:1:      nzn_arrival_depleted_hourglass, layout_basic,
          shapermc_ecumenical_altar_ellora
D:2:      minmay_wonky_spiral, layout_basic, minmay_misc_feat_columns
D:3:      layout_basic, mainiacjoe_overflow_two_lobes, uniq_natasha,
          uniq_terence
D:4:      layout_cave_pools, grunt_decor_arrowhead, uniq_edmund
D:5:      layout_rooms, dancing_weapons_uskayaw, minmay_temple_entry_fiery,
          uniq_sigmund
D:6:      layout_basic, vehumet_statue, mainiacjoe_overflow_24_doors
D:7:      nzn_winding_woodlands_cross [nzn_winding_woodlands_5x15_twine,
          nzn_winding_woodlands_5x15_cabin,
          nzn_winding_woodlands_5x15_concentric,
          nzn_winding_woodlands_5x15_crooked,
          nzn_winding_woodlands_15x15_thick_spiral], layout_basic,
          tso_oasis_becter, nicolae_ru_sacrificial_ziggurat,
          uniq_crazy_yiuf_cottage
D:8:      layout_rooms, nicolae_qazlal_eye_of_the_storm, fedhas_altar_1,
          uniq_pikel, uniq_maggie
D:9:      gammafunk_boulding_lane, layout_long_grid,
          nicolae_wu_jian_wuxing_cycle, minmay_lair_entry_lava, erik_orc_1,
          minmay_statue_bubble
D:10:     layout_long_grid, zin_purify, slow_altar_1,
          mainiacjoe_overflow_alcove_2, small_chamber_with_monster,
          grunt_ministairs_6, nicolae_fountain_basement
D:11:     layout_gridville, enter_trove_1, nicolae_shop_sticking_my_neck_out
D:12:     layout_irregular_city
D:13:     layout_irregular_city, grunt_vaults_entry_tiered,
          minmay_guarded_unrand_prune
D:14:     layout_long_grid, serial_bayou_lagoon_a, uniq_lodul, uniq_louise
D:15:     grunt_enter_depths_snipers, layout_irregular_city, serial_shops,
          nicolae_shop_overgrown_old_shop
Temple:   nicolae_temple_ecumenical_triangle
Lair:1:   beast_lair_carwin_large_1, layout_regular_city,
          chequers_serial_rivers_small_3, guppyfry_lair_drakes
Lair:2:   layout_hall_layers, nicolae_spider_entry_non_spiders,
          pdpol_lair_neglected_garden, pdpol_lair_cavern_descent
Lair:3:   layout_big_grid, elwin_shoals_entry_rocks, enter_volcano_4
Lair:4:   layout_concentric_octagons, ebering_ghost_disaster_area,
          grunt_megastairs_5
Lair:5:   grunt_lair_end_beastmaster, layout_cellular_growth,
          dpeg_slime_entry_enclosed, ebering_ghost_xom
Shoals:1: layout_shoals, uniq_nikola
Shoals:2: layout_shoals, nicolae_shoals_aquamancer_cove, uniq_ilsuiw
Shoals:3: cheibrodos_shoals_epimethial_gifts, layout_shoals, serial_shops,
          nicolae_lakefront_shop
Shoals:4: shoals_end_grunt_ice, layout_shoals
Spider:1: layout_spider_delve, guppyfry_spider_mini_3,
          hangedman_spider_tarantella_strand, uniq_frances
Spider:2: layout_spider_delve, nicolae_spider_paper_wasps
Spider:3: layout_chambers, uniq_arachne
Spider:4: grunt_spider_rune_circles, drop_trap, uniq_kirke
Orc:1:    layout_caves, mines3_lemuel, uniq_urug
Orc:2:    st_orc_mages, layout_caves, basic_altar, mines5_lemuel, uniq_maurice,
          uniq_sonja
Elf:1:    eino_elf_arrival_sip, layout_loops_ring,
          kennysheep_underground_church, nicolae_elf_elemental_lessons
Elf:2:    nicolae_elf_blades_crystal_corner, layout_loops_cross, orc_legates,
          minmay_shop_grove
Elf:3:    minmay_elf_hall_four_x, layout_geoelf_diagonals
Vaults:1: gammafunk_ghost_tricky_traps, nicolae_vaults_offset_grid_hallway_3,
          nicolae_vaults_diagonal_hallway_9, hangedman_vaults_variations,
          ontoclasm_vaults_chip, nicolae_vaults_closet_pinwheel_4, v_misc_5,
          grunt_vaults_hallway_long, v_misc_22, v_pattern_4,
          nicolae_vaults_storage_room_doors, vaults_room_ringed_pool,
          nicolae_vaults_network_barrier, nicolae_vaults_trapezoid_lopsided_1,
          nicolae_vaults_apartment_1, nicolae_vaults_tetromino_L_2,
          nicolae_vaults_tangram_2, layout_vaults_ring
Vaults:2: minmay_crypt_entry_simple_sparse, hangedman_vaults_locks, v_misc_31,
          nicolae_vaults_surprise_closet, hangedman_vaults_slice,
          vaults_room_fours, nicolae_vaults_closet_pinwheel_6,
          nicolae_vaults_diffraction_hallways, nicolae_vaults_tetromino_L_2,
          layout_vaults_quadrants
Vaults:3: nicolae_vaults_border_crossing, v_misc_14,
          nicolae_vaults_cornered_office, hangedman_vaults_stagger, v_misc_11,
          ontoclasm_vaults_ring_large, v_misc_8, nicolae_vaults_tetromino_L_2,
          nicolae_vaults_house_3, vaults_room_fours, vaults_room_door_ring,
          layout_vaults_big_room, uniq_donald
Vaults:4: nicolae_vaults_more_shelving_2, grunt_vaults_diagonal,
          nicolae_vaults_hallways_thing, v_misc_1,
          nicolae_vaults_closet_pinwheel_3, v_misc_15,
          nicolae_vaults_closet_pinwheel_3, grunt_vaults_hallway_long,
          nicolae_vaults_trapezoid_1, dpeg_vaults_monster_row,
          nicolae_vaults_stepped_doors, nicolae_vaults_diamond_1, v_misc_13,
          nicolae_vaults_trapezoid_lopsided_3, layout_vaults_omnicross
Depths:1: layout_big_octagon, serial_shops, nicolae_shop_behind_doors,
          grunt_pan_entry_in_and_out, lemuel_blue_sif_altar, hell_entry,
          minivault_16, kennysheep_generic_room_15
Depths:2: grunt_arcs, layout_cave_pools, hangedman_decor_slide_cut, pan_entry,
          lightli_too_deep, hallowed_hall, uniq_josephina
Depths:3: hourglass_vault, layout_small_grid, enter_ziggurat_e,
          elyvilon_altar_4, nicolae_abyss_entry_one_way_or_another, hell_entry,
          minmay_stone_trees_medium, firewood_loft, serial_bayou_shore_b,
          uniq_sojobo, uniq_saint_roka, uniq_jory
Depths:4: grunt_zot_entry_tricorne, layout_cave_pools, minmay_strange_pillars,
          hell_entry, abyss_entry_small_statue_room, minmay_variable_closet,
          minmay_serpent_palace, serial_bayou_shore_a, serial_bayou_shore_b,
          uniq_frederick
Zot:1:    layout_misc_corridors, st_stairs_8
Zot:2:    layout_misc_corridors
Zot:3:    layout_gridlike, nicolae_diode_intersection
Zot:4:    layout_basic
Zot:5:    layout_misc_corridors, door_vault

Skill      XL: |  1  2  3  4  5  6  7  8  9 10 11 12 13 14 15 16 17 18 19 20 21 22 23 24 25 26 |
---------------+-------------------------------------------------------------------------------+-----
Invocations    | 1 2 3 4 5 6 7 8 10 11 12 13 14 15 16 17 18 19 | 19.7
Short Blades   | 1 2 3 5 6 7 8 9 10 11 12 13 14 15 16 17 18 | 18.2
Long Blades    | 1 2 3 5 6 7 8 9 10 11 12 13 14 15 16 17 18 | 18.2
Axes           | 1 2 3 5 6 7 8 9 10 11 12 13 14 15 16 17 18 | 18.2
Maces & Flails | 1 2 3 5 6 7 8 9 10 11 12 13 14 15 16 17 18 | 18.2
Polearms       | 1 2 3 5 6 7 8 9 10 11 12 13 14 15 16 17 18 | 18.2
Staves         | 1 2 3 5 6 7 8 9 10 11 12 13 14 15 16 17 18 | 18.2
Ranged Weapons | 1 2 3 5 6 7 8 9 10 11 12 13 14 15 16 17 18 | 18.2
Throwing       | 1 2 3 5 6 7 8 9 10 11 12 13 14 15 16 17 18 | 18.2
Shields        | 1 2 3 5 6 7 8 9 10 11 12 13 14 15 16 17 18 | 18.2
Unarmed Combat | 1 2 3 5 6 7 8 9 10 11 12 13 14 15 16 17 18 | 18.2
Spellcasting   | 1 2 3 5 6 7 8 9 10 11 12 13 14 15 16 17 18 | 18.2
Conjurations   | 1 2 3 4 5 6 7 8 9 10 11 12 13 14 15 | 15.5
Hexes          | 1 2 3 4 5 6 7 8 9 10 11 12 13 14 15 | 15.5
Summonings     | 1 2 3 4 5 6 7 8 9 10 11 12 13 14 15 | 15.5
Necromancy     | 1 2 3 4 5 6 7 8 9 10 11 12 13 14 15 | 15.5
Translocations | 1 2 3 4 5 6 7 8 9 10 11 12 13 14 15 | 15.5
Transmutations | 1 2 3 4 5 6 7 8 9 10 11 12 13 14 15 | 15.5
Fire Magic     | 1 2 3 4 5 6 7 8 9 10 11 12 13 14 15 | 15.5
Ice Magic      | 1 2 3 4 5 6 7 8 9 10 11 12 13 14 15 | 15.5
Air Magic      | 1 2 3 4 5 6 7 8 9 10 11 12 13 14 15 | 15.5
Earth Magic    | 1 2 3 4 5 6 7 8 9 10 11 12 13 14 15 | 15.5
Poison Magic   | 1 2 3 4 5 6 7 8 9 10 11 12 13 14 15 | 15.5
Fighting       | 3 4 5 6 7 8 9 10 11 12 13 14 15 16 17 18 | 18.4
Dodging        | 3 4 5 6 7 8 9 10 11 12 13 14 15 16 17 18 | 18.4
Stealth        | 3 4 5 6 7 8 9 10 11 12 13 14 15 16 17 18 | 18.4
Armour         | 5 6 7 8 9 10 11 12 13 14 15 16 17 18 | 18.7
Evocations     | 7 8 9 10 11 12 13 14 15 16 17 18 19 | 19.2
Shapeshifting  | 11 12 13 14 15 16 | 16.8

Action                     |  1- 3 |  4- 6 |  7- 9 | 10-12 | 13-15 | 16-18 | 19-21 | 22-24 | 25-27 || total
---------------------------+-------+-------+-------+-------+-------+-------+-------+-------+-------++-------
  Melee: Club              |    49 |       |       |       |       |       |       |       |       ||    49
         Bite              |     7 |    10 |    29 |    34 |   117 |    63 |    74 |    88 |     8 ||   430
         Dagger            |    61 |   134 |   223 |    28 |   212 |    19 |       |       |       ||   677
         Punch             |       |     1 |     5 |    10 |    28 |     4 |       |       |       ||    48
         Flail             |       |       |    12 |   174 |   160 |       |       |       |       ||   346
         Halberd           |       |       |       |    37 |   464 |   558 |       |       |       ||  1059
         Long sword        |       |       |       |     1 |       |       |   224 |   101 |    30 ||   356
         Staff             |       |       |       |       |    11 |    29 |     5 |    29 |    13 ||    87
         War axe           |       |       |       |       |     1 |       |       |       |       ||     1
         Glaive            |       |       |       |       |       |    90 |       |       |       ||    90
         Demon trident     |       |       |       |       |       |    80 |   206 |   316 |    33 ||   635
   Fire: Sling             |       |    21 |    22 |       |       |       |       |       |       ||    43
         Shortbow          |       |       |    23 |   243 |   133 |       |       |       |       ||   399
         Longbow           |       |       |       |       |       |    22 |       |       |       ||    22
         Hand cannon       |       |       |       |       |       |       |    11 |       |       ||    11
  Throw: Stone             |     7 |       |       |       |       |       |       |       |       ||     7
         Javelin           |     1 |     1 |       |       |       |     6 |     9 |    24 |    23 ||    64
         Dart              |       |     8 |    10 |    27 |    20 |    57 |     6 |     3 |       ||   131
         Boomerang         |       |       |     5 |       |       |    21 |   140 |   116 |     9 ||   291
   Cast: Summon Lightning  |       |       |       |    24 |   100 |    89 |    34 |    23 |     2 ||   272
         Petrify           |       |       |       |    14 |    89 |   153 |    36 |     1 |       ||   293
         Wereblood         |       |       |       |     2 |     4 |       |       |       |       ||     6
         Vhi's Electric Ch |       |       |       |       |     8 |     2 |       |       |       ||    10
         Airstrike         |       |       |       |       |   107 |   506 |   253 |   196 |    56 ||  1118
         Summon Forest     |       |       |       |       |       |    10 |    13 |     9 |       ||    32
         Apportation       |       |       |       |       |       |    38 |     7 |    36 |    11 ||    92
         Irradiate         |       |       |       |       |       |     5 |     8 |     9 |     2 ||    24
         Arcjolt           |       |       |       |       |       |    11 |    22 |    45 |     6 ||    84
         Sticky Flame      |       |       |       |       |       |     4 |     9 |     1 |       ||    14
         Blink             |       |       |       |       |       |     3 |       |     4 |       ||     7
         Plasma Beam       |       |       |       |       |       |    10 |   195 |   272 |    63 ||   540
         Leda's Unmaking   |       |       |       |       |       |       |    35 |    12 |    87 ||   134
         Simulacrum        |       |       |       |       |       |       |       |    37 |    75 ||   112
         Borgnjor's Vile C |       |       |       |       |       |       |       |     9 |    29 ||    38
         Malign Gateway    |       |       |       |       |       |       |       |     5 |     8 ||    13
         Ozocubu's Refrige |       |       |       |       |       |       |       |       |    71 ||    71
 Invoke: Recall Ancestor   |       |       |     1 |     6 |     9 |    15 |     4 |    14 |    15 ||    64
         Ancestor Life: He |       |       |       |     1 |       |       |       |       |       ||     1
         Idealise          |       |       |       |       |       |     1 |       |     3 |     9 ||    13
Ability: Begin Untransform |       |       |       |       |       |       |     2 |       |       ||     2
  Evoke: Wand              |     5 |    25 |    15 |    11 |     9 |    47 |     2 |    34 |    10 ||   158
         Removed chess pie |       |       |       |       |       |     1 |       |       |       ||     1
         Phantom mirror    |       |       |       |       |       |       |     1 |     2 |     1 ||     4
         Sack of spiders   |       |       |       |       |       |       |     1 |     1 |     2 ||     4
         Tin of tremorston |       |       |       |       |       |       |       |     4 |       ||     4
    Use: Scroll            |       |     4 |     3 |     4 |    15 |    15 |     2 |    17 |     9 ||    69
         Potion            |       |       |       |     1 |       |     3 |     1 |     4 |     6 ||    15
   Stab: Sleeping          |     6 |     1 |     1 |     2 |     7 |     8 |     6 |     6 |     1 ||    38
         Invisible         |       |       |     2 |       |     4 |     1 |       |     1 |       ||     8
         Distracted        |       |       |     2 |     5 |    28 |    17 |    10 |     7 |     1 ||    70
         Confused          |       |       |       |     5 |    11 |    14 |    17 |    19 |     8 ||    74
         Petrified         |       |       |       |    16 |    24 |    85 |    40 |       |       ||   165
         Petrifying        |       |       |       |     4 |    13 |    32 |    10 |       |       ||    59
         Paralysed         |       |       |       |       |    27 |   124 |    71 |    28 |    11 ||   261
 Armour: Leather armour    |    29 |       |       |       |       |       |       |       |       ||    29
         Robe              |     6 |    10 |       |       |       |       |       |       |       ||    16
         Scale mail        |       |    50 |    94 |   113 |   328 |   615 |    13 |       |       ||  1213
         Acid dragon scale |       |       |       |     7 |       |       |       |       |       ||     7
         Ring mail         |       |       |       |       |       |       |   225 |   169 |       ||   394
         Pearl dragon scal |       |       |       |       |       |       |       |   176 |   155 ||   331
  Dodge: Dodged            |    72 |    78 |   135 |   152 |   437 |   550 |   175 |   206 |    69 ||  1874
  Block: Kite shield       |       |       |       |       |       |    18 |   206 |   249 |    71 ||   544
         Reflection        |       |       |       |       |       |       |       |    10 |     3 ||    13
   Form: Dragon            |       |       |       |       |       |       |     2 |       |       ||     2

Table legend: (Time is in decaauts)
 A = Elapsed time spent in this place.
 B = Non-inter-level travel time spent in this place.
 C = Inter-level travel time spent in this place.
 D = Time resting spent in this place.
 E = Time spent auto-exploring this place.
 F = Levels seen in this place.
 G = Mean time per level.
                   A        B        C        D        E       F      G
               +--------+--------+--------+--------+--------+-----+--------+
         Total | 105211 |  91330 |  13881 |  37079 |  21629 |  52 | 2023.3 |
       Dungeon |  23894 |  17649 |   6245 |   3458 |   6113 |  15 | 1592.9 |
        Temple |     50 |     40 |     10 |      0 |     18 |   1 |   50.0 |
          Lair |  10957 |   9003 |   1954 |   2258 |   3843 |   5 | 2191.4 |
        Shoals |  13148 |  12302 |    846 |   7236 |   1637 |   4 | 3287.0 |
   Spider Nest |  13617 |  12752 |    865 |   7721 |   1851 |   4 | 3404.2 |
  Orcish Mines |   2709 |   2393 |    316 |    596 |    998 |   2 | 1354.5 |
   Elven Halls |   9010 |   8589 |    421 |   4908 |   1716 |   3 | 3003.3 |
        Vaults |   9765 |   9186 |    579 |   2759 |   2789 |   4 | 2441.2 |
        Depths |  11071 |   9163 |   1908 |   4287 |   1273 |   4 | 2767.8 |
           Zot |  10184 |   9450 |    734 |   3850 |   1360 |   5 | 2036.8 |
         Abyss |    380 |    380 |      0 |      4 |      0 |   3 |  126.7 |
         Trove |    101 |    101 |      0 |      0 |      0 |   1 |  101.0 |
       Volcano |    319 |    319 |      0 |      0 |     30 |   1 |  319.0 |
               +--------+--------+--------+--------+--------+-----+--------+

Top non-repeatable levels by time:
Spider:4: 4534 daAuts
Spider:3: 4491 daAuts
Shoals:3: 4133 daAuts
Shoals:4: 3867 daAuts
   Elf:3: 3776 daAuts
    D:13: 3727 daAuts
Depths:1: 3663 daAuts
Shoals:2: 3473 daAuts
Vaults:2: 3269 daAuts
Depths:4: 3187 daAuts
Spider:1: 3090 daAuts
     D:9: 3088 daAuts
   Zot:3: 3016 daAuts
  Lair:2: 2920 daAuts
   Elf:1: 2653 daAuts
